 Dungeon Crawl Stone Soup version 0.30-a0-218-gedb9141078 (webtiles) character file.

Game seed: 8017353922652639312

1013 Johnny the Sneak (level 8, -8/54 HPs)
             Began as an Octopode Ice Elementalist on Oct 5, 2022.
             Mangled by an orc warrior
             ... wielding a +0 halberd
              (16 damage)
             ... on level 5 of the Dungeon.
             The game lasted 00:07:28 (5679 turns).

Johnny the Sneak (Octopode Ice Elementalist)        Turns: 5679, Time: 00:07:28

Health: -8/54      AC:  8    Str:  8    XL:     8   Next: 21%
Magic:  5/14       EV: 14    Int: 19    God:
Gold:   271        SH:  0    Dex: 12    Spells: 8/15 levels left

rFire   . . .      SeeInvis .    g - staff of conjuration
rCold   . . .      Faith    .    (no shield)
rNeg    . . .      Spirit   .    (helmet restricted)
rPois   .          Reflect  .    (no amulet)
rElec   .          Harm     .    (no ring)
rCorr   .          Rampage  .    (no ring)
Will    .....                    (no ring)
Stlth   ++++......               (no ring)
HPRegen 0.29/turn                (no ring)
MPRegen 0.14/turn                (no ring)
                                 (no ring)
                                 (no ring)

@: ice-armoured, freezing walls
A: almost no armour, amphibious, 8 rings, camouflage 1, gelatinous body 1,
(nimble swimmer 1), tentacles
a: no special abilities


You were on level 5 of the Dungeon.
You visited 1 branch of the dungeon, and saw 6 of its levels.

You collected 271 gold pieces.

Inventory:

Hand Weapons
 i - a +1 dagger of chaos
Magical Staves
 g - a staff of conjuration (weapon)
Jewellery
 t - a ring of fire
Scrolls
 d - 2 scrolls of vulnerability {unknown}
 j - 2 scrolls of magic mapping {unknown}
 k - a scroll of poison {unknown}
 l - a scroll of torment
 m - 3 scrolls of butterflies {unknown}
 p - a scroll of immolation {unknown}
 u - a scroll of enchant weapon {unknown}
 w - a scroll of noise {unknown}
Potions
 a - 2 potions of magic
 b - a potion of attraction
 c - 2 potions of might
 e - a potion of haste
 o - a potion of ambrosia {unknown}
 q - 2 potions of resistance
 r - a potion of mutation {unknown}
 s - a potion of heal wounds {unknown}
 v - a potion of flight


   Skills:
 + Level 3.9 Fighting
 + Level 4.4 Dodging
 + Level 6.4 Stealth
 + Level 4.2 Spellcasting
 + Level 5.7 Ice Magic


You had 8 spell levels left.
You knew the following spells:

 Your Spells              Type           Power      Damage    Failure   Level
a - Freeze                Ice            100%       1d11      1%          1
b - Frozen Ramparts       Ice            50%        1d8       3%          3
c - Ozocubu's Armour      Ice            25%        N/A       3%          3

Your spell library contained the following spells:

 Spells                   Type           Power      Damage    Failure   Level
 Gell's Gravitas          Tloc           4%         N/A       38%         3
 Lesser Beckoning         Tloc           8%         N/A       38%         3
 Teleport Other           Tloc           4%         N/A       38%         3
 Summon Ice Beast         Ice/Summ       14%        N/A       38%         4
 Airstrike                Air            2%         2d(1-17)  80%         4
 Summon Lightning Spire   Summ/Air       4%         N/A       80%         4
 Lightning Bolt           Conj/Air       3%         1d14      98%         5


Dungeon Overview and Level Annotations

Branches:
Dungeon (6/15)
 Temple: D:4-7

Altars:
Fedhas
Makhleb
Nemelex Xobeh
Qazlal
Trog
Xom

Shops:
D:4 =

Annotations:
D:6 Edmund


Innate Abilities, Weirdness & Mutations

You cannot wear most types of armour.
You are amphibious.
You can wear up to eight rings at the same time.
Your skin changes colour to match your surroundings (Stealth+).
Your rubbery body absorbs attacks. (AC +1, EV +1)
((You are camouflaged when in or above water. (Stealth+)))
You have tentacles for arms and can constrict up to eight enemies at once.


Message History

Casting: Ozocubu's Armour (dangerous; 3% risk of failure)
Confirm with . or Enter, or press ? or * to list all spells.
Casting: Frozen Ramparts (dangerous; 3% risk of failure)
Press: ? - help, Dir - look around, f - activate A stone staircase leading down.
The walls around you are covered in ice.
The wall freezes the orc!
You kill the orc!
The wall freezes the orc warrior but does no damage.
The orc warrior hits you with a +0 halberd!
Casting: Frozen Ramparts (dangerous; 3% risk of failure)
Confirm with . or Enter, or press ? or * to list all spells.
Aiming: Freeze (safe; 1% risk of failure)
Press: ? - help, Shift-Dir - straight line, f - orc warrior
Aim: an orc warrior, wielding a +0 halberd and wearing a +0 plate armour You freeze the orc warrior!
The orc warrior is moderately wounded.
The wall freezes the orc warrior but does no damage.
The orc warrior hits you with a +0 halberd!
* * * LOW HITPOINT WARNING * * *
Casting: Freeze (safe; 1% risk of failure)
Confirm with . or Enter, or press ? or * to list all spells.
Aiming: Freeze (safe; 1% risk of failure)
Press: ? - help, Shift-Dir - straight line, f/p - orc warrior
Aim: an orc warrior, wielding a +0 halberd and wearing a +0 plate armour (moderately wounded)
You freeze the orc warrior.
The orc warrior is heavily wounded.
The wall freezes the orc warrior.
The orc warrior hits you with a +0 halberd!
* * * LOW HITPOINT WARNING * * *
Casting: Freeze (safe; 1% risk of failure)
Confirm with . or Enter, or press ? or * to list all spells.
Aiming: Freeze (safe; 1% risk of failure)
Press: ? - help, Shift-Dir - straight line, f/p - orc warrior
Aim: an orc warrior, wielding a +0 halberd and wearing a +0 plate armour (heavily wounded)
You freeze the orc warrior.
The orc warrior is severely wounded.
The wall freezes the orc warrior but does no damage.
The orc warrior hits you with a +0 halberd!
You die...

....###.## #.# #.##>#
#.##
###.##...###.###.##.# #.#
#..............##.# #.#
####...#######.##.# #.#
##### #.##.###### #.#
#.##......# #.#
###############.#######.#
#.# #.............)...#
#.# #.#
#.#############@#.# #.#
#.# #.# #o#.# #.# #.# #.#
#.#.# #.# #.# #.# #.#.#
#.# #.# #.# #.#[# #)###.#
#.# #####.#.# #.....# #.#
#.....#.#########.# ##.#
#.#####.........รท.# .>.#
#.# ###########.#


You could see an orc warrior.

Vanquished Creatures
  2 black bears
  A scorpion (D:3)
  A necrophage (D:5)
  3 wights (D:5)
  A crimson imp (D:4)
  A gnoll bouda (D:5)
  Crazy Yiuf (D:2)
  2 hounds
  A jelly (D:5)
  An iguana (D:4)
  An orc wizard (D:5)
  16 gnolls
  8 adders
  A shadow imp (D:5)
  A worm (D:2)
  3 dart slugs
  9 orcs
  5 ball pythons
  4 bats
  3 endoplasms
  A giant cockroach (D:4)
  11 goblins
  7 hobgoblins
  6 jackals
  5 quokkas
  6 frilled lizards
  10 kobolds
  8 rats
119 creatures vanquished.

Vanquished Creatures (others)
  A fungus (D:3)
  3 plants (D:3)
4 creatures vanquished.

Grand Total: 123 creatures vanquished

Notes
Turn   | Place    | Note
-------+----------+-------------------------------------------
     0 | D:1      | Johnny the Octopode Ice Elementalist began the quest for
                  | the Orb.
     0 | D:1      | Reached XP level 1. HP: 11/11 MP: 3/3
    71 | D:1      | Reached XP level 2. HP: 6/18 MP: 3/5
    72 | D:1      | Reached skill level 3 in Stealth
   693 | D:1      | Reached XP level 3. HP: 20/22 MP: 6/6
   824 | D:1      | Reached skill level 1 in Fighting
  1119 | D:2      | Noticed a black bear
  1250 | D:3      | Noticed a scorpion
  1259 | D:3      | Killed a scorpion
  1260 | D:3      | Reached XP level 4. HP: 22/28 MP: 3/7
  1270 | D:3      | Reached skill level 4 in Stealth
  1270 | D:3      | Reached XP level 5. HP: 31/34 MP: 0/9
  1359 | D:3      | Found a faded altar of an unknown god.
  2127 | D:4      | Found a shimmering altar of Xom.
  2127 | D:4      | Found a burning altar of Makhleb.
  2322 | D:4      | Found Yxergh's Jewellery Emporium.
  2489 | D:4      | Reached XP level 6. HP: 14/39 MP: 3/10
  2787 | D:4      | Found a stormy altar of Qazlal.
  2788 | D:4      | Found a blossoming altar of Fedhas.
  2900 | D:2      | Killed a black bear
  2997 | D:2      | Reached skill level 5 in Stealth
  3008 | D:2      | Found a sparkling altar of Nemelex Xobeh.
  3294 | D:2      | Learned a level 3 spell: Frozen Ramparts
  3295 | D:2      | Reached skill level 5 in Ice Magic
  3300 | D:2      | Learned a level 3 spell: Ozocubu's Armour
  3437 | D:2      | Reached XP level 7. HP: 41/45 MP: 7/12
  4055 | D:2      | Found a runed translucent door.
  4056 | D:2      | Noticed Crazy Yiuf
  4063 | D:2      | Killed Crazy Yiuf
  4229 | D:5      | Entered Level 5 of the Dungeon
  4403 | D:5      | Found a bloodstained altar of Trog.
  4595 | D:6      | Noticed Edmund
  4771 | D:5      | Reached skill level 6 in Stealth
  4825 | D:5      | Reached XP level 8. HP: 22/52 MP: 3/14
  5679 | D:5      | Mangled by an orc warrior

Illustrated notes

Levels and vault maps discovered:
D:1:      matt_arrival_grand_opening, layout_loops_corners
D:2:      layout_basic, basic_altar, dk_noncrumbling_4, minmay_octomino_j4,
          uniq_crazy_yiuf_cottage
D:3:      layout_basic, shapermc_ecumenical_altar_acropolis,
          hangedman_feature_mirror
D:4:      layout_loops_cross, grunt_temple_overflow_champion_of_chaos,
          grunt_temple_overflow_forces_of_nature, serial_shops,
          nicolae_shop_advertising_works [nicolae_subvault_shop_adworks]
D:5:      layout_loops_ring, bloody_trog
D:6:      layout_gridville, roderic_batcave, uniq_edmund

Skill      XL: |  1  2  3  4  5  6  7 |
---------------+----------------------+-----
Stealth        | 3 4 5 6 |  6.4
Fighting       | 1 2 3 |  3.9
Dodging        | 3 4 |  4.4
Spellcasting   | 3 4 |  4.2
Ice Magic      | 5 |  5.7

Action                   |  1- 3 |  4- 6 |  7- 9 || total
-------------------------+-------+-------+-------++-------
Melee: Unarmed           |    83 |    26 |       ||   109
       Tentacles         |    21 |    16 |    14 ||    51
       Constrict         |    21 |    23 |    12 ||    56
       Staff             |       |    43 |    44 ||    87
       Punch             |       |     2 |       ||     2
 Cast: Freeze            |    12 |    43 |    16 ||    71
       Frozen Ramparts   |       |       |    12 ||    12
       Ozocubu's Armour  |       |       |     6 ||     6
Evoke: Wand              |       |     6 |     6 ||    12
  Use: Potion            |       |     2 |     2 ||     4
       Scroll            |       |     5 |     3 ||     8
 Stab: Sleeping          |    11 |     9 |     1 ||    21
       Distracted        |       |       |     1 ||     1
Armor: Skin              |    11 |    15 |     4 ||    30
Dodge: Dodged            |    60 |    75 |    80 ||   215

Table legend: (Time is in decaauts)
 A = Elapsed time spent in this place.
 B = Non-inter-level travel time spent in this place.
 C = Inter-level travel time spent in this place.
 D = Time resting spent in this place.
 E = Time spent auto-exploring this place.
 F = Levels seen in this place.
 G = Mean time per level.
                   A        B        C        D        E       F      G
               +--------+--------+--------+--------+--------+-----+--------+
         Total |   5696 |   5412 |    284 |    838 |   3535 |   6 |  949.3 |
       Dungeon |   5696 |   5412 |    284 |    838 |   3535 |   6 |  949.3 |
               +--------+--------+--------+--------+--------+-----+--------+

Top non-repeatable levels by time:
     D:5: 1405 daAuts
     D:2: 1320 daAuts
     D:1: 1131 daAuts
     D:4: 1033 daAuts
     D:3: 756 daAuts
     D:6: 49 daAuts
